[Event "Idaho Closed (State Championship)"]
[Site "Boise, ID"]
[Date "2024.02.18"]
[Round "4"]
[White "Henderson, Michael"]
[Black "Lange, Brian"]
[Result "0-1"]
[ECO "B01"]
[WhiteElo "1800"]
[BlackElo "1507"]
[Annotator "Brian Lange"]
[PlyCount "52"]
[EventDate "2024.02.17"]
[EventType "swiss"]
[EventRounds "6"]
[EventCountry "USA"]
[TimeControl "30/120:0"]

1. e4 d5 2. exd5 Nf6 {This invites white to play into the Icelandic Gambit. Black appears to over-attack the d5 pawn with the knight and queen and tempts white to protect it by playing 3. c4. White is a pawn up but watch out what happens next. If instead white plays 3. Nf3, then we slide into a standard Scandanvian opening with 3. ... Qxd5 4. Nc3.} 3. c4 e6 4. dxe6 Bxe6 {Let's go! Gambit accepted! Now black has to prove that the accelerated development is worth losing a central pawn.} 5. Nf3 Nc6 {Black should play 5. ... Qe7, which is hard to swallow as the f8 bishop is stuffed in the corner. I wanted to focus on rapid development and chose Nc6 intead.} 6. b3 $2 {Better is 6. Be2 or 6. d4. Piece development is about to be completely lopsided!} Bc5 {Four pieces out for black! Bishops have wide-open diagonals and knights are poised for central outposts.} 7. Be2 Qe7 {Five pieces out for black! The queen x-ray attacks the white king and protects the c5 bishop.} 8. O-O O-O-O {Black has completed development with the queen-side castle and also provides an open file for the rook on d8! White's d2 pawn is now pinned against the queen and all the queen-side pieces are still on their original squares.} 9. a3 $2 {White threatens a pawn storm to push the Bishop on c5 off its strong square. Black doesn't want the bishop to retreat to b6 where white's pawns can cancel the bishop. If you play a gambit, you have to play to push the attack!} Ne4 {Threatens f2 to potentially trade white's rook and pawn for a knight and bishop. With the d2 pawn pinned, white's knight on b1 has no where to go. Rhe8 is also really tempting with rooks on open central files.} 10. b4 {The pawn storm continues but still no more pieces are being developed by white.} Qf6 {The rook on a1 is hanging like fruit from a low-hanging branch. Now the c1 bishop has no where go to either.} 11. Ra2 {White's only good move and begins the counter-play with Bb2 finally freeing the bishop. Black's bishop is hanging on c5 so the choice was between 11. ... Nxf2 12. Rxf2 Bxf2 or 11. Bd6. Black's knight and bishop are very active and white's rook and pawn are very passive. This alone was enough for me to keep the bishop and knight and hope for more active attacks, even though my friend Stockfish says this is a blunder.} Bd6 $4 12. Bb2 Ne5 {Although white is starting to wake up, black has a beautiful southern-cross formation in the middle of the board...} 13. c5 $4 {...which provokes white to blunder with c5. Possibly hoping for Be7? leaving the e5 knight unprotected, but there are many attacking lines for black to take advantage of here. Now the fireworks start!} Bxa2 {Haymaker!} 14. cxd6 {Counter-punch!} Nxf3+ $1 {Upper-cut!} 15. Bxf3 {Another counter-punch!} Qxb2 {Left hook!} 16. Bxe4 {Body blow!} Rxd6 $1 {Another upper-cut! As the dust starts to settle, black's formation is gone but he's up the exchange and the rook on d6 is waiting to be doubled with Rhd8. Will White be able to deliver an effective counter-attack?} 17. Qg4+ Be6 {Kb8 is considered better but I felt this was a good opportunity to bring the bishop back into the game, hitting white's queen for an extra tempo.} 18. Qf3 {Bishop battery aiming at b7 and check.} c6 19. Nc3 Qxa3 $2 {I thought 19. ... Qxd2 looked bad due to 20. Rd1 hitting the queen and the rook is hanging, but 20. ... Qxc3 21. Rxd6 Qe1++.} 20. Rb1 {White's pieces are all pointing at b7, so I felt it was time to skiddladle my king away. But be careful! If the king goes to any of the black squares like c7 or e7, white can play Nd5+! and the black queen is gone.} Kd7 21. b5 {White has pulled together an effective plan for a counter-attack. b5 is a natural continuation.} cxb5 22. Bxb7 $2 {I thought Rxb5 was coming but determined that the bishop taking the b7 pawn wasn't an issue since the c6 and c8 squares are both double-covered by the rooks, so the king is safe.} b4 $1 {Protecting the queen and attacking the knight. Now I can trade queens and white's attack fizzles.} 23. Nb5 Qxf3 24. Bxf3 Rxd2 {Although white's knight was forking the queen and rook, black was able to escape.} 25. Nxa7 {White probably was averse to moving the rook to prevent a back-row mate, but the b4 pawn was the best thing to grab as now it's an advanced passed pawn.} b3 26. Nb5 b2 {White said he had seen enough. I threw everything I could at white and we shook hands. I thought Michael was a very gracious player and was glad I could try out a rare gambit opening on a strong opponent and have it pay off with a win for black! 0-th a win for black!} 0-1